 Dungeon Crawl Stone Soup version 0.29-a0-506-ga2e7fffb44 (webtiles) character file.

Game seed: 6194928156691949249

6 kyalle the Skirmisher (level 1, 0/20 HPs)
             Began as a Minotaur Fighter on May 29, 2022.
             Slain by a kobold
             ... wielding a +0 club
              (3 damage)
             ... on level 1 of the Dungeon.
             The game lasted 00:00:53 (96 turns).

kyalle the Skirmisher (Minotaur Fighter)              Turns: 96, Time: 00:00:53

Health: 0/20       AC:  7    Str: 20    XL:     1   Next: 75%
Magic:  0/0        EV:  9    Int:  5    God:
Gold:   8          SH:  4    Dex:  9    Spells: 0/0 levels left

rFire   . . .      SeeInvis .   a - +0 long sword
rCold   . . .      Faith    .   c - +0 buckler
rNeg    . . .      Spirit   .   b - +0 scale mail
rPois   .          Reflect  .   (helmet restricted)
rElec   .          Harm     .   (no cloak)
rCorr   .          Rampage  .   (no gloves)
Will    .....                   (no boots)
Stlth   ..........              (no amulet)
HPRegen 0.06/turn               (no ring)
MPRegen 0.07/turn               (no ring)

@: no status effects
A: horns 2, retaliatory headbutt
a: no special abilities


You were on level 1 of the Dungeon.
You visited 1 branch of the dungeon, and saw 1 of its levels.

You collected 8 gold pieces.

Inventory:

Hand Weapons
 a - a +0 long sword (weapon)
Armour
 b - a +0 scale mail (worn)
 c - a +0 buckler (worn)
Scrolls
 e - a scroll of enchant armour {unknown}
 g - 2 scrolls of identify {unknown}
Potions
 d - a potion of might
 f - a potion of magic {unknown}


   Skills:
 * Level 3.8 Fighting
 * Level 2.7 Long Blades
 + Level 3.7 Armour
 + Level 3.7 Shields


You couldn't memorise any spells.
You didn't know any spells.
Your spell library was empty.

Dungeon Overview and Level Annotations

Branches:
Dungeon (1/15)

Altars:


Innate Abilities, Weirdness & Mutations

You have a pair of horns on your head.
You reflexively headbutt those who attack you in melee.


Message History

You see here a +0 dagger.
The bat completely misses you. The bat closely misses you.
You slash the bat!
You kill the bat!
You see here a +0 dagger.
Things that are here:
a +0 club; 2 stones A bat comes into view.
The bat hits you but does no damage.
You closely miss the bat. The bat hits you but does no damage.
The bat barely misses you. The bat barely misses you.
The bat barely misses you. The bat closely misses you. The bat misses you.
A kobold comes into view. It is wielding a +0 club.
A quokka comes into view.
The kobold shouts!
The bat closely misses you. You block the bat's attack.
The kobold throws a stone.
The stone closely misses you. The bat misses you.
The kobold throws a stone.
The stone hits you. The bat attacks as you move away! The bat misses you.
The bat barely misses you. You furiously retaliate!
You headbutt the bat.
You kill the bat!
The kobold throws a stone.
The stone barely misses you. The kobold hits you but does no damage.
You barely miss the kobold. The kobold hits you with a +0 club.
You closely miss the kobold. The kobold hits you with a +0 club.
You block the kobold's attack.
You hit the kobold but do no damage. You block the kobold's attack.
You closely miss the kobold. The kobold closely misses you.
You closely miss the kobold.
You headbutt the kobold, but do no damage.
The kobold hits you with a +0 club. x2
* * * LOW HITPOINT WARNING * * *
You hit the kobold but do no damage. The kobold hits you with a +0 club.
* * * LOW HITPOINT WARNING * * *
You closely miss the kobold. The kobold hits you with a +0 club.
You die...

. #.#...###.#.........
..#.#...###.#..#.#####
....#..#...#..#.#
...#.#...#..# #
#.#.....#..#
#.......#..#
#.#....)#..# #
#....†)..# #@#..###.#
#K#..# #.# #r##.# #.#
...... ... ..........
...###..#.## ##..
....# #.# #.#. .#.#


You could see a quokka and a kobold.

Vanquished Creatures
  A hobgoblin (D:1)
  2 kobolds (D:1)
  2 bats (D:1)
  A frilled lizard (D:1)
6 creatures vanquished.

Notes
Turn   | Place    | Note
-------+----------+-------------------------------------------
     0 | D:1      | kyalle the Minotaur Fighter began the quest for the Orb.
     0 | D:1      | Reached XP level 1. HP: 19/19 MP: 0/0
    96 | D:1      | Slain by a kobold

Illustrated notes

Levels and vault maps discovered:
D:1:      shiori_shiawase, layout_basic, basic_ecumenical_altar,
          chequers_serial_rivers_large_b

Action                   || total
-------------------------++-------
Melee: Long sword        ||    22
       Headbutt          ||     1
Armor: Scale mail        ||    14
Dodge: Dodged            ||    22
Block: Buckler           ||     5

Table legend: (Time is in decaauts)
 A = Elapsed time spent in this place.
 B = Non-inter-level travel time spent in this place.
 C = Inter-level travel time spent in this place.
 D = Time resting spent in this place.
 E = Time spent auto-exploring this place.
 F = Levels seen in this place.
 G = Mean time per level.
                   A        B        C        D        E       F      G
               +--------+--------+--------+--------+--------+-----+--------+
         Total |    102 |    102 |      0 |      0 |     25 |   1 |  102.0 |
       Dungeon |    102 |    102 |      0 |      0 |     25 |   1 |  102.0 |
               +--------+--------+--------+--------+--------+-----+--------+

Top non-repeatable levels by time:
     D:1: 102 daAuts
